 Seeded DCSS version 0.28-a0-1429-gf3d713df7a (webtiles) character file.

Game seed: 9420282141056910719 (custom seed)

413 flotson the Chopper (level 6, -8/46 (47) HPs)
             Began as a Demonspawn Gladiator on Jan 8, 2022.
             Mangled by Crazy Yiuf (10 damage)
             ... on level 3 of the Dungeon.
             The game lasted 00:05:51 (2929 turns).

flotson the Chopper (Demonspawn Gladiator)          Turns: 2929, Time: 00:05:52

HP:   -8/46 (47)    AC: 12    Str: 16    XL:     6   Next: 59%
MP:   6/6           EV:  7    Int: 10    God:
Gold: 152           SH:  0    Dex: 14    Spells: 5/5 levels left

rFire   . . .      SeeInvis .   p - +0 mace (protect)
rCold   . . .      Faith    .   j - +0 tower shield
rNeg    . . .      Spirit   .   t - +1 ring mail {rPois}
rPois   +          Reflect  .   (helmet restricted)
rElec   .          Harm     .   (no cloak)
rCorr   .          Rampage  .   h - +0 pair of gloves
Will    .....                   g - +2 pair of boots
Stlth   ..........              (no amulet)
HPRegen 0.15/turn               (no ring)
MPRegen 0.10/turn               (no ring)

@: confused, attractive, slowed, lightly drained, very slow
A: horns 1, icy blue scales 1, demonic magic 1
a: no special abilities


You were on level 3 of the Dungeon.
You visited 1 branch of the dungeon, and saw 3 of its levels.

You collected 152 gold pieces.

Inventory:

Hand Weapons
 a - a +0 war axe
 p - a +0 mace of protection (weapon)
Missiles
 e - 21 poisoned darts (quivered)
 i - 4 javelins
Armour
 g - a +2 pair of boots (worn)
 h - a +0 pair of gloves (worn)
 j - a +0 tower shield (worn)
 t - a +1 ring mail of poison resistance (worn)
Scrolls
 b - a scroll of fog {unknown}
 c - a scroll of enchant armour {unknown}
 f - 2 scrolls of teleportation {unknown}
 k - a scroll of magic mapping {unknown}
 m - a scroll of holy word {unknown}
 n - a scroll of immolation {unknown}
 o - 5 scrolls of identify {unknown}
 s - a scroll of blinking {unknown}
Potions
 q - a potion of might
 u - a potion of flight {unknown}


   Skills:
 + Level 3.4 Fighting
 + Level 3.7 Axes
 + Level 3.1 Throwing
 + Level 2.4 Armour
 + Level 3.7 Dodging
 + Level 1.5 Shields


You had 5 spell levels left.
You didn't know any spells.
Your spell library contained the following spells:

 Spells                   Type           Power      Damage    Failure   Level
 Magic Dart               Conj           0%         1d3       100%        1
 Summon Small Mammal      Summ           0%         N/A       100%        1
 Call Imp                 Summ           0%         N/A       100%        2
 Call Canine Familiar     Summ           0%         N/A       100%        3
 Mephitic Cloud           Conj/Pois/Air  0%         N/A       100%        3
 Summon Guardian Golem    Hex/Summ       0%         N/A       100%        3


Dungeon Overview and Level Annotations

Branches:
Dungeon (3/15)

Altars:

Annotations:
D:3 Crazy Yiuf


Innate Abilities, Weirdness & Mutations

You have a pair of small horns on your head.
You are partially covered in icy blue scales. (AC +2)
Spells you cast may paralyse adjacent enemies.


Message History

You feel better. Crazy Yiuf hits you but does no damage.
Crazy Yiuf cries, "Seed action down!"
Things that are here:
a +0 dagger; a +0 robe
There is an open door here.
Crazy Yiuf whimpers, "Two!
Tonal pontify King."
Crazy Yiuf whimpers, "Castle eyeball down!"
Crazy Yiuf yells, "Goldfish spinner shoe!"
Throw: 23 darts (poison)
Press: ? - help, Q - select action, (/) - cycle Shift-Dir - straight line, f/p - Crazy Yiuf
Aim: Crazy Yiuf, wielding a +4 quarterstaff of chaos and wearing a +0 cloak (heavily wounded, 64% to hit)
You throw a poisoned dart. The poisoned dart hits Crazy Yiuf.
Crazy Yiuf is poisoned.
Crazy Yiuf is heavily wounded.
Crazy Yiuf hits you but does no damage.
You feel yourself slow down.
Throw: 22 darts (poison)
Press: ? - help, Q - select action, (/) - cycle Shift-Dir - straight line, f/p - Crazy Yiuf
Aim: Crazy Yiuf, wielding a +4 quarterstaff of chaos and wearing a +0 cloak (heavily wounded, poisoned, 64% to hit)
You throw a poisoned dart.
The poisoned dart barely misses Crazy Yiuf.
Crazy Yiuf says, "Powder snail high!"
Crazy Yiuf hits you with a +4 quarterstaff of chaos.
* * * LOW HITPOINT WARNING * * *
You are confused.
Crazy Yiuf hits you with a +4 quarterstaff of chaos.
* * * LOW HITPOINT WARNING * * *
Crazy Yiuf hits you with a +4 quarterstaff of chaos.
* * * LOW HITPOINT WARNING * * *
You feel drained.
* * * LOW HITPOINT WARNING * * *
You bump into the tree.
Crazy Yiuf hits you with a +4 quarterstaff of chaos.
* * * LOW HITPOINT WARNING * * *
Crazy Yiuf burns you.
* * * LOW HITPOINT WARNING * * *
It was a potion of attraction.
You feel attractive to monsters.
Crazy Yiuf cries, "Powder pontify sing-song!"
Crazy Yiuf hits you with a +4 quarterstaff of chaos!
You die...

.............# #####
... .......#.....#
#.()# ##..
.......#.....# #...#
...# #............#
... ##.#
#............# #'#
.. .............#
♣♣.♣ #............#
♣.♣♣ #.......######
♣♣.♣ #.......# ♣@♣♣
#......... #.......#
♣♣g♣♣ #.........
#.......# ♣...♣♣
#........ #.......#
♣....♣ #........
..####### ##..##
#........ ###....###
#.[...... ##
#........# #........
.#
#........###........
.#######
#........+.....#####


You could see Crazy Yiuf (poisoned).

Vanquished Creatures
  Sigmund (D:2)
  Jessica (D:3)
  Terence (D:2)
  Natasha (thrice) (D:2)
  A killer bee zombie (D:3)
  Robin (D:1)
  An adder (D:3)
  2 worms (D:3)
  3 dart slugs
  An orc (D:3)
  3 bats
  5 endoplasms (D:1)
  4 giant cockroaches
  12 goblins
  14 hobgoblins
  2 jackals (D:1)
  6 quokkas
  4 ball pythons
  5 frilled lizards
  5 kobolds (D:1)
  7 rats
82 creatures vanquished.

Notes
Turn   | Place    | Note
-------+----------+-------------------------------------------
     0 | D:1      | flotson the Demonspawn Gladiator began the quest for the
                  | Orb.
     0 | D:1      | Reached XP level 1. HP: 16/16 MP: 1/1
   147 | D:1      | Gained mutation: Spells you cast may paralyse adjacent
                  | enemies. [demonic ancestry]
   147 | D:1      | Reached XP level 2. HP: 8/22 MP: 2/2
   654 | D:1      | Gained mutation: You have a pair of small horns on your
                  | head. [demonic ancestry]
   654 | D:1      | Reached XP level 3. HP: 28/28 MP: 3/3
   690 | D:1      | Reached skill level 1 in Armour
  1042 | D:2      | Noticed Terence
  1106 | D:2      | Killed Terence
  1107 | D:2      | Gained mutation: You are partially covered in icy blue
                  | scales. (AC +2) [demonic ancestry]
  1107 | D:2      | Reached XP level 4. HP: 21/34 MP: 4/4
  1312 | D:2      | Noticed Robin
  1315 | D:2      | Noticed Natasha
  1321 | D:2      | Killed Natasha
  1347 | D:1      | Killed Robin
  1551 | D:2      | Noticed Sigmund
  1558 | D:2      | Noticed Natasha
  1566 | D:2      | Killed Natasha
  1567 | D:2      | Reached XP level 5. HP: 18/40 MP: 5/5
  1748 | D:2      | Killed Sigmund
  1749 | D:2      | Reached skill level 1 in Shields
  1749 | D:2      | Reached XP level 6. HP: 36/47 MP: 6/6
  1840 | D:2      | Noticed Natasha
  1851 | D:2      | Killed Natasha
  2625 | D:3      | Noticed Jessica
  2627 | D:3      | Killed Jessica
  2880 | D:3      | Found a runed translucent door.
  2881 | D:3      | Noticed Crazy Yiuf
  2928 | D:3      | HP: 2/46 [Crazy Yiuf (1)]
  2929 | D:3      | Mangled by Crazy Yiuf

Illustrated notes

Levels and vault maps discovered:
D:1:      scummos_arrival_simple_fountains, layout_rooms
D:2:      layout_rooms, uniq_natasha, uniq_robin, uniq_terence, uniq_sigmund
D:3:      layout_basic, minmay_joined_circles, uniq_crazy_yiuf_cottage,
          uniq_jessica

Skill      XL: |  1  2  3  4  5  6 |
---------------+-------------------+-----
Throwing       | 2 3 |  3.1
Axes           | 3 |  3.7
Armour         | 1 2 |  2.4
Dodging        | 3 |  3.7
Fighting       | 3 |  3.4
Shields        | 1 |  1.5

Action                   |  1- 3 |  4- 6 || total
-------------------------+-------+-------++-------
Melee: War axe           |   138 |   123 ||   261
       Punch             |     1 |     1 ||     2
       Headbutt          |    10 |    34 ||    44
       Mace              |       |    24 ||    24
Throw: Javelin           |     3 |     2 ||     5
       Throwing net      |     2 |     2 ||     4
       Dart              |       |     2 ||     2
  Use: Potion            |       |     2 ||     2
Armor: Ring mail         |    89 |    81 ||   170
Dodge: Dodged            |   117 |    68 ||   185
Block: Tower shield      |       |    74 ||    74

Table legend: (Time is in decaauts)
 A = Elapsed time spent in this place.
 B = Non-inter-level travel time spent in this place.
 C = Inter-level travel time spent in this place.
 D = Time resting spent in this place.
 E = Time spent auto-exploring this place.
 F = Levels seen in this place.
 G = Mean time per level.
                   A        B        C        D        E       F      G
               +--------+--------+--------+--------+--------+-----+--------+
         Total |   3084 |   3048 |     36 |    303 |   1862 |   3 | 1028.0 |
       Dungeon |   3084 |   3048 |     36 |    303 |   1862 |   3 | 1028.0 |
               +--------+--------+--------+--------+--------+-----+--------+

Top non-repeatable levels by time:
     D:1: 1235 daAuts
     D:2: 968 daAuts
     D:3: 880 daAuts
